ORI
UNIVERSITY OF ALABAMA CRIMSON TIDE @ FLORIDA STATE UNIVERSITY SEMINOLES
11/06/2049
 
TOP OF THE 1ST
University of Minnesota Golden Gophers batting - Pitching for University of Conneticut Huskies : RHP Jose Rios
Pitching: RHP Jose Rios
Batting: SHB Marty Kuehn 0-0: Ball
1-0: Fly out, F8 (Flyball, 8RD, EV 95.6 MPH)
Batting: LHB Alex Villa 0-0: Called Strike
0-1: Foul Ball, location: 2F
0-2: Strikes out swinging
Batting: RHB Ozzie Buendia 0-0: Called Strike
0-1: Fly out, F7 (Flyball, 7LS, EV 95.0 MPH)
Top of the 1st over - 0 runs, 0 hits, 0 errors, 0 left on base; University of Minnesota 0 - University of Conneticut 0
BOTTOM OF THE 1ST
University of Conneticut Huskies batting - Pitching for University of Minnesota Golden Gophers : RHP John Roebuck
Pitching: RHP John Roebuck
Batting: RHB Jordan Nicholas 0-0: Bunt missed!
0-1: Ball
1-1: Fly out, F8 (Flyball, 89M, EV 85.0 MPH)
Batting: RHB Kyle Finney 0-0: Called Strike
0-1: Ground out 6-3 (Groundball, 6, EV 82.5 MPH)
Batting: LHB Greg James 0-0: Ball
1-0: Foul Ball, location: 2F
1-1: Called Strike
1-2: Strikes out swinging
Bottom of the 1st over - 0 runs, 0 hits, 0 errors, 0 left on base; University of Minnesota 0 - University of Conneticut 0
TOP OF THE 2ND
University of Minnesota Golden Gophers batting - Pitching for University of Conneticut Huskies : RHP Jose Rios
Batting: LHB Dick Shafer 0-0: Ball
1-0: Called Strike
1-1: Fly out, F8 (Flyball, 8LM, EV 94.4 MPH)
Batting: RHB Ned Scovell 0-0: Called Strike
0-1: Ball
1-1: Swinging Strike
1-2: Fly out, F9 (Flyball, 9, EV 96.2 MPH)
Batting: LHB Josh Rini 0-0: Ball
1-0: Foul Ball, location: 2F
1-1: Ball
2-1: SOLO HOME RUN (Flyball, 9D, EV 106.2 MPH), Distance : 414 ft
Batting: RHB Adler Cananis 0-0: Ball
1-0: Ball
2-0: Ball
3-0: Called Strike
3-1: Swinging Strike
3-2: Foul Ball, location: 2F
3-2: SOLO HOME RUN (Flyball, 89XD, EV 115.0 MPH), Distance : 437 ft
Batting: RHB Jarrod Strickhouser 0-0: Ball
1-0: Reached on error, E5 (Groundball, 5, EV 104.4 MPH)
Batting: RHB Bing Loh 0-0: Ball
1-0: Swinging Strike
1-1: Foul Ball, location: 2F
1-2: Strikes out swinging
Top of the 2nd over - 2 runs, 2 hits, 1 error, 1 left on base; University of Minnesota 2 - University of Conneticut 0
BOTTOM OF THE 2ND
University of Conneticut Huskies batting - Pitching for University of Minnesota Golden Gophers : RHP John Roebuck
Batting: LHB Andrew Barzee 0-0: Foul Ball, location: 2F
0-1: Ball
1-1: Called Strike
1-2: SINGLE (Groundball, 4, EV 98.1 MPH)
Batting: LHB Omar Alba 0-0: Swinging Strike
0-1: Called Strike
0-2: Strikes out swinging
Batting: RHB Cullen Elliott 0-0: Fly out, F6 (Line Drive, 56D, EV 70.0 MPH)
Batting: RHB Lee Wilbur 0-0: Called Strike
Andrew Barzee is caught stealing 2nd base 2-4
Bottom of the 2nd over - 0 runs, 1 hit, 0 errors, 0 left on base; University of Minnesota 2 - University of Conneticut 0
TOP OF THE 3RD
University of Minnesota Golden Gophers batting - Pitching for University of Conneticut Huskies : RHP Jose Rios
Batting: SHB Marty Kuehn 0-0: Called Strike
0-1: Ball
1-1: Ball
2-1: Foul Ball, location: 2F
2-2: Foul Ball, location: 2F
2-2: Fly out, F8 (Flyball, 8RS, EV 74.4 MPH)
Batting: LHB Alex Villa 0-0: Ball
1-0: Ball
2-0: Ball
3-0: Called Strike
3-1: Swinging Strike
3-2: Foul Ball, location: 2F
3-2: Strikes out swinging
Batting: RHB Ozzie Buendia 0-0: Ball
1-0: Ball
2-0: SINGLE (Line Drive, 8RS, EV 97.5 MPH)
Batting: LHB Dick Shafer 0-0: Ball
1-0: Called Strike
1-1: Ball
2-1: Foul Ball, location: 2F
2-2: Ball
3-2: Base on Balls
Ozzie Buendia to second
Batting: RHB Ned Scovell 0-0: Ball
1-0: Foul Ball, location: 2F
1-1: Foul Ball, location: 2F
1-2: Ball
2-2: Ground out 1-3 (Groundball, 13S, EV 68.1 MPH)
Top of the 3rd over - 0 runs, 1 hit, 0 errors, 2 left on base; University of Minnesota 2 - University of Conneticut 0
BOTTOM OF THE 3RD
University of Conneticut Huskies batting - Pitching for University of Minnesota Golden Gophers : RHP John Roebuck
Batting: RHB Lee Wilbur 0-0: Ball
1-0: Called Strike
1-1: Ball
2-1: Called Strike
2-2: Strikes out swinging
Batting: RHB Jack Vokey 0-0: Ball
1-0: Ball
2-0: Called Strike
2-1: Fly out, F7 (Flyball, 78D, EV 95.0 MPH)
Batting: RHB Roku Kawano 0-0: Fly out, F9 (Line Drive, 89M, EV 86.9 MPH)
Bottom of the 3rd over - 0 runs, 0 hits, 0 errors, 0 left on base; University of Minnesota 2 - University of Conneticut 0
TOP OF THE 4TH
University of Minnesota Golden Gophers batting - Pitching for University of Conneticut Huskies : RHP Jose Rios
Batting: LHB Josh Rini 0-0: Called Strike
0-1: Ball
1-1: Fly out, F8 (Flyball, 8LD, EV 93.8 MPH)
Batting: RHB Adler Cananis 0-0: Ball
1-0: Ball
2-0: Called Strike
2-1: SINGLE (Groundball, 34D, EV 101.9 MPH)
Batting: RHB Jarrod Strickhouser 0-0: Swinging Strike
0-1: Ball
1-1: Foul Ball, location: 2F
1-2: Ball
2-2: Ball
3-2: Foul Ball, location: 2F
3-2: Foul Ball, location: 2F
3-2: Foul Ball, location: 2F
3-2: Strikes out looking
Batting: RHB Bing Loh 0-0: Called Strike
0-1: Fielders Choice at 2nd, 5-4 (Groundball, 56, EV 99.4 MPH)
Top of the 4th over - 0 runs, 1 hit, 0 errors, 1 left on base; University of Minnesota 2 - University of Conneticut 0
BOTTOM OF THE 4TH
University of Conneticut Huskies batting - Pitching for University of Minnesota Golden Gophers : RHP John Roebuck
Batting: RHB Jordan Nicholas 0-0: Fly out, F5 (Line Drive, 56, EV 65.6 MPH)
Batting: RHB Kyle Finney 0-0: Ball
1-0: Called Strike
1-1: Ball
2-1: Fly out, F7 (Flyball, 7S, EV 82.5 MPH)
Batting: LHB Greg James 0-0: DOUBLE (Flyball, 78D, EV 111.9 MPH)
Batting: LHB Andrew Barzee 0-0: Called Strike
0-1: Foul Ball, location: 2F
0-2: Strikes out looking
Bottom of the 4th over - 0 runs, 1 hit, 0 errors, 1 left on base; University of Minnesota 2 - University of Conneticut 0
TOP OF THE 5TH
University of Minnesota Golden Gophers batting - Pitching for University of Conneticut Huskies : RHP Jose Rios
Batting: SHB Marty Kuehn 0-0: Foul Ball, location: 2F
0-1: Foul Ball, location: 2F
0-2: Ball
1-2: Foul Ball, location: 2F
1-2: Foul Ball, location: 2F
1-2: Ground out 6-3 (Groundball, 6M, EV 85.6 MPH)
Batting: LHB Alex Villa 0-0: Foul Ball, location: 2F
0-1: Ball
1-1: Foul Ball, location: 2F
1-2: Ball
2-2: Ground out 1-3 (Groundball, 34S, EV 75.0 MPH)
Batting: RHB Ozzie Buendia 0-0: Ball
1-0: Called Strike
1-1: Ball
2-1: Reached on error, E4 (Groundball, 34, EV 101.2 MPH)
Batting: LHB Dick Shafer 0-0: Ball
1-0: Ball
2-0: Ball
3-0: Called Strike
3-1: Ground out U3 (Groundball, 3, EV 81.9 MPH)
Top of the 5th over - 0 runs, 0 hits, 1 error, 1 left on base; University of Minnesota 2 - University of Conneticut 0
BOTTOM OF THE 5TH
University of Conneticut Huskies batting - Pitching for University of Minnesota Golden Gophers : RHP John Roebuck
Batting: LHB Omar Alba 0-0: Ball
1-0: Ball
2-0: Ball
3-0: Called Strike
3-1: Swinging Strike
3-2: Strikes out swinging
Batting: RHB Cullen Elliott 0-0: Ball
1-0: Swinging Strike
1-1: Ball
2-1: Foul Ball, location: 2F
2-2: Strikes out swinging
Batting: RHB Lee Wilbur 0-0: Ball
1-0: Swinging Strike
1-1: Ball
2-1: Called Strike
2-2: Strikes out swinging
Bottom of the 5th over - 0 runs, 0 hits, 0 errors, 0 left on base; University of Minnesota 2 - University of Conneticut 0
TOP OF THE 6TH
University of Minnesota Golden Gophers batting - Pitching for University of Conneticut Huskies : RHP Jose Rios
Batting: RHB Ned Scovell 0-0: Ball
1-0: Called Strike
1-1: Swinging Strike
1-2: Strikes out looking
Batting: LHB Josh Rini 0-0: Called Strike
0-1: Ground out 5-3 (Groundball, 56, EV 103.8 MPH)
Batting: RHB Adler Cananis 0-0: Ball
1-0: Ball
2-0: Ball
3-0: Base on Balls
Batting: RHB Jarrod Strickhouser 0-0: Ball
1-0: Foul Ball, location: 2F
1-1: Swinging Strike
1-2: Ball
2-2: Foul Ball, location: 2F
2-2: Strikes out swinging
Top of the 6th over - 0 runs, 0 hits, 0 errors, 1 left on base; University of Minnesota 2 - University of Conneticut 0
BOTTOM OF THE 6TH
University of Conneticut Huskies batting - Pitching for University of Minnesota Golden Gophers : RHP John Roebuck
Batting: RHB Jack Vokey 0-0: Ball
1-0: Swinging Strike
1-1: Ground out 5-3 (Groundball, 56S, EV 88.8 MPH)
Batting: RHB Roku Kawano 0-0: Swinging Strike
0-1: Swinging Strike
0-2: Fly out, F9 (Line Drive, 9, EV 91.2 MPH)
Batting: RHB Jordan Nicholas 0-0: Ball
1-0: Fly out, F8 (Flyball, 8RD, EV 108.1 MPH)
Bottom of the 6th over - 0 runs, 0 hits, 0 errors, 0 left on base; University of Minnesota 2 - University of Conneticut 0
TOP OF THE 7TH
University of Minnesota Golden Gophers batting - Pitching for University of Conneticut Huskies : RHP Jose Rios
Batting: RHB Bing Loh 0-0: Foul Ball, location: 2F
0-1: Called Strike
0-2: Ball
1-2: Fly out, F8 (Flyball, 8RD, EV 90.0 MPH)
Batting: SHB Marty Kuehn 0-0: Called Strike
0-1: Called Strike
0-2: Strikes out swinging
Batting: LHB Alex Villa 0-0: Ball
1-0: Called Strike
1-1: Ground out 5-3 (Groundball, 56S, EV 63.8 MPH)
Top of the 7th over - 0 runs, 0 hits, 0 errors, 0 left on base; University of Minnesota 2 - University of Conneticut 0
BOTTOM OF THE 7TH
University of Conneticut Huskies batting - Pitching for University of Minnesota Golden Gophers : RHP John Roebuck
Batting: RHB Kyle Finney 0-0: Called Strike
0-1: Foul Ball, location: 2F
0-2: Fly out, F5 (Line Drive, 5L, EV 68.1 MPH)
Batting: LHB Greg James 0-0: Ball
1-0: Ball
2-0: Ball
3-0: Called Strike
3-1: Foul Ball, location: 2F
3-2: Strikes out swinging
Batting: LHB Andrew Barzee 0-0: Called Strike
0-1: Foul Ball, location: 2F
0-2: Strikes out swinging
Bottom of the 7th over - 0 runs, 0 hits, 0 errors, 0 left on base; University of Minnesota 2 - University of Conneticut 0
TOP OF THE 8TH
University of Minnesota Golden Gophers batting - Pitching for University of Conneticut Huskies : RHP Jose Rios
Batting: RHB Ozzie Buendia 0-0: SINGLE (Line Drive, 4D, EV 96.2 MPH)
Pinch Hitting: LHB Jose Moncada 0-0: Ball
1-0: Ball
2-0: Ball
3-0: Called Strike
3-1: 2-RUN HOME RUN (Flyball, 9D, EV 100.0 MPH), Distance : 405 ft
Pinch Hitting: LHB Ivan Villegas 0-0: DOUBLE (Line Drive, 8LXD, EV 102.5 MPH)
Pitching: LHP William Garcia
Batting: LHB Josh Rini 0-0: Called Strike
0-1: Ball
1-1: Foul Ball, location: 2F
1-2: Ball
2-2: Foul Ball, location: 2F
2-2: Foul Ball, location: 2F
2-2: Foul Ball, location: 2F
2-2: Strikes out swinging, 2-3 out at first.
Batting: RHB Adler Cananis 0-0: Ball
1-0: Called Strike
1-1: Called Strike
1-2: Ball
2-2: Foul Ball, location: 2F
2-2: DOUBLE (Line Drive, 9LM, EV 96.2 MPH)
Ivan Villegas scores
Batting: RHB Jarrod Strickhouser 0-0: Ball
1-0: Ball
2-0: Called Strike
2-1: Called Strike
2-2: Strikes out swinging
Batting: RHB Bing Loh 0-0: Foul Ball, location: 2F
0-1: Called Strike
0-2: Ball
Wild Pitch!
Adler Cananis to third
1-2: Ball
2-2: Strikes out looking
Top of the 8th over - 3 runs, 4 hits, 0 errors, 1 left on base; University of Minnesota 5 - University of Conneticut 0
BOTTOM OF THE 8TH
University of Conneticut Huskies batting - Pitching for University of Minnesota Golden Gophers : RHP John Roebuck
Now at SS: Farakiko Haunani
Now in RF: Roy Evenden
Batting: LHB Omar Alba 0-0: Ball
1-0: Fly out, F7 (Flyball, 7, EV 78.8 MPH)
Pitching: LHP Travis Evans
Batting: RHB Cullen Elliott 0-0: Ball
1-0: Foul Ball, location: 2F
1-1: Foul Ball, location: 2F
1-2: Strikes out swinging
Batting: RHB Lee Wilbur 0-0: Ground out 5-3 (Groundball, 5, EV 91.2 MPH)
Bottom of the 8th over - 0 runs, 0 hits, 0 errors, 0 left on base; University of Minnesota 5 - University of Conneticut 0
TOP OF THE 9TH
University of Minnesota Golden Gophers batting - Pitching for University of Conneticut Huskies : LHP William Garcia
Pinch Hitting: RHB Ron Gooch 0-0: Swinging Strike
0-1: Foul Ball, location: 2F
0-2: Ball
1-2: Strikes out swinging
Batting: LHB Alex Villa 0-0: Called Strike
0-1: Swinging Strike
0-2: Ball
1-2: Strikes out swinging
Batting: RHB Ozzie Buendia 0-0: Called Strike
0-1: Ball
1-1: Called Strike
1-2: Ball
2-2: Strikes out swinging
Top of the 9th over - 0 runs, 0 hits, 0 errors, 0 left on base; University of Minnesota 5 - University of Conneticut 0
BOTTOM OF THE 9TH
University of Conneticut Huskies batting - Pitching for University of Minnesota Golden Gophers : LHP Travis Evans
Now at C: Jason Mooris
Pinch Hitting: LHB Hector Acosta 0-0: Called Strike
0-1: Ball
1-1: Called Strike
1-2: Foul Ball, location: 2F
1-2: Fly out, F9 (Flyball, 89S, EV 91.2 MPH)
Pinch Hitting: RHB Paul Pastrano 0-0: Ground out 5-3 (Groundball, 5, EV 91.9 MPH)
Pinch Hitting: RHB Victor Nava 0-0: Ball
1-0: Called Strike
1-1: Foul Ball, location: 2F
1-2: Strikes out swinging
Bottom of the 9th over - 0 runs, 0 hits, 0 errors, 0 left on base; University of Minnesota 5 - University of Conneticut 0
Sunday, July 16th , 2023 - OOTP Baseball 24.6 Build 69